 Dungeon Crawl Stone Soup version 0.23.2-33-g5129a83184 (webtiles) character file.

Game seed: 12707301629021839889

59 Asagix the Skirmisher (level 3, -1/30 HPs)
             Began as a Demonspawn Abyssal Knight on June 28, 2019.
             Was a Follower of Lugonu.
             Slain by a ball python (2 damage)
             ... on level 3 of the Dungeon.
             The game lasted 00:05:14 (2448 turns).

Asagix the Skirmisher (Demonspawn Abyssal Knight)   Turns: 2448, Time: 00:05:14

Health: -1/30      AC:  3    Str: 13    XL:     3   Next: 78%
Magic:  4/4        EV:  8    Int: 16    God:    Lugonu [*.....]
Gold:   53         SH:  0    Dex: 12    Spells: 2/2 levels left

rFire    . . .     SeeInvis .   k - +0 trident
rCold    . . .     Gourm    .   (no shield)
rNeg     . . .     Faith    .   b - +0 leather armour
rPois    .         Spirit   .   (no helmet)
rElec    .         Reflect  .   (no cloak)
rCorr    .         Harm     .   (no gloves)
MR       .....                  (no boots)
Stlth    +.........             (no amulet)
HPRegen  0.10/turn              f - +3 ring of intelligence
MPRegen  0.09/turn              (no ring)

@: constricted
A: talons 1
a: Depart the Abyss, Renounce Religion


You were on level 3 of the Dungeon.
You worshipped Lugonu.
Lugonu was aware of your devotion.
You were not hungry.

You visited 1 branch of the dungeon, and saw 3 of its levels.
You visited the Abyss 1 time.

You collected 53 gold pieces.

Inventory:

Hand Weapons
 a - a +1 falchion
 k - a +0 trident (weapon)
Armour
 b - a +0 leather armour (worn)
Jewellery
 f - a +3 ring of intelligence (left hand)
Scrolls
 g - 3 scrolls of identify {unknown}
 h - a scroll of noise {unknown}
Potions
 d - a potion of ambrosia {unknown}
 e - 2 potions of heal wounds {unknown}
 i - a potion of brilliance {unknown}
 j - a potion of might {unknown}
Comestibles
 c - 4 rations


   Skills:
 + Level 3.9 Fighting
 + Level 2.5 Long Blades
 + Level 2.2 Armour
 + Level 1.0 Dodging
 + Level 2.4 Invocations


You had 2 spell levels left.
You didn't know any spells.
Your spell library was empty.

Dungeon Overview and Level Annotations

Branches:
Dungeon (3/15)

Altars:
Sif Muna


Innate Abilities, Weirdness & Mutations

You have sharp toenails.


Message History

Deactivating autopickup; reactivate with Ctrl-A.
The orc hits you but does no damage. The ball python barely misses you.
The ball python constricts you. Something hits you.
You closely miss something. The ball python closely misses you.
The ball python constricts you. Something hits you but does no damage.
The orc closely misses you.
The ball python bites you but does no damage.
The ball python constricts you.
You puncture the orc!
You kill the orc!
Lugonu accepts your kill. The ball python closely misses you.
The ball python constricts you. The orc hits you with a +0 mace.
Something hits you.
* * * LOW HITPOINT WARNING * * *
You closely miss the orc.
The ball python bites you but does no damage.
The ball python constricts you. Something hits you.
* * * LOW HITPOINT WARNING * * *
The ball python bites you.
You die...

.. .. #. #. #.
#.## #.#..###
#
#...<..###.###
#####...@o...#
#..#.S......
#..##....###
#..# ###....
.... ##.
#..... #%....
#######


You could see an orc and a ball python.

Vanquished Creatures
  An adder (D:2)
  An ooze (D:1)
  A worm (D:2)
  A dart slug (D:2)
  A leopard gecko (D:1)
  3 orcs (D:3)
  A giant cockroach (D:2)
  6 goblins
  6 hobgoblins
  2 jackals (D:2)
  A quokka (D:2)
  3 bats (D:1)
  A frilled lizard (D:2)
  4 kobolds
  A rat (D:2)
  A fungus (D:1)
34 creatures vanquished.

Vanquished Creatures (others)
  2 bats (D:1)
2 creatures vanquished.

Grand Total: 36 creatures vanquished

Notes
Turn   | Place    | Note
-------+----------+-------------------------------------------
     0 | Abyss:1  | Asagix the Demonspawn Abyssal Knight began the quest for
                  | the Orb.
     0 | Abyss:1  | Reached XP level 1. HP: 18/18 MP: 2/2
    47 | Abyss:1  | Noticed a starcursed mass
    53 | D:1      | Escaped the Abyss
   851 | D:1      | Reached * piety under Lugonu
   851 | D:1      | Gained mutation: You have sharp toenails. [demonic
                  | ancestry]
   851 | D:1      | Reached XP level 2. HP: 21/24 MP: 3/3
  1734 | D:2      | Reached skill level 1 in Dodging
  1812 | D:2      | Reached XP level 3. HP: 23/30 MP: 4/4
  2349 | D:2      | Found a deep blue altar of Sif Muna.
  2448 | D:3      | HP: 1/30 [something (4)]
  2448 | D:3      | Slain by a ball python

Skill      XL: |  1  2 |
---------------+-------+-----
Long Blades    | 2 |  2.5
Armour         | 2 |  2.2
Dodging        | 1 |  1.0
Fighting       | |  3.9
Invocations    | |  2.4

Action                   || total
-------------------------++-------
Melee: Falchion          ||    81
       Kick              ||    11
       Trident           ||    12
Invok: Depart the Abyss  ||     1
 Stab: Sleeping          ||     1
  Eat: Ration            ||     2
Armor: Leather armour    ||    20
Dodge: Dodged            ||    55
       Rpst.: Falchion   ||    16
